 Dungeon Crawl Stone Soup version 0.24.0-2-g5b39cebb1c (webtiles) character file.

Game seed: 3697765869065850867, levelgen mode: deterministic

2033 mortelune the Transmogrifier (level 9, -7/70 HPs)
             Began as a Naga Transmuter on Oct 29, 2019.
             Was a Priest of Okawaru.
             Mangled by Harold
             ... wielding a +2 flail of protection
              (22 damage)
             ... on level 7 of the Dungeon.
             The game lasted 00:31:43 (11248 turns).

mortelune the Transmogrifier (Naga Transmuter)     Turns: 11248, Time: 00:31:43

Health: -7/70      AC:  4    Str: 13    XL:     9   Next: 24%
Magic:  11/16      EV: 10    Int: 17    God:    Okawaru [***...]
Gold:   216        SH:  0    Dex: 11    Spells: 7/18 levels left

rFire    . . .     SeeInvis +     - Unarmed
rCold    . . .     Gourm    .   (shield currently unavailable)
rNeg     . . .     Faith    .   b - +0 robe
rPois    +         Spirit   .   (no helmet)
rElec    .         Reflect  .   y - scarf {cloud immunity}
rCorr    .         Harm     .   (gloves currently unavailable)
MR       +....                  (no barding)
Stlth    +.........             B - amulet of the acrobat
HPRegen  0.21/turn              h - ring of flight
MPRegen  0.15/turn              (no ring)

@: blade hands, marked, very slow
A: large, see invisible, deformed body, poison resistance, slowness 2, slow
metabolism 1, spit poison 1, AC +3
a: Spit Poison, End Transformation, Heroism, Renounce Religion, Evoke Flight


You were on level 7 of the Dungeon.
You worshipped Okawaru.
Okawaru was most pleased with you.
You were not hungry.
You had blades for hands.
You visited 2 branches of the dungeon, and saw 8 of its levels.

You collected 381 gold pieces.
You spent 165 gold pieces at shops.

Inventory:

Hand Weapons
 e - a +1 dagger of protection
Missiles
 a - 80 arrows
 c - 107 sling bullets
 g - 2 boomerangs (quivered)
 n - 9 curare-tipped darts
Armour
 b - a +0 robe (worn)
 k - a +0 ring mail
 l - a +2 leather armour of poison resistance
 y - a scarf of cloud immunity (worn)
Jewellery
 h - a ring of flight (left scythe-like blade)
 o - an uncursed amulet of the gourmand
 q - an uncursed amulet of harm
 B - an amulet of the acrobat (around neck)
 E - a +2 ring of dexterity {unknown}
Wands
 u - a wand of paralysis (8)
 z - a wand of acid (10)
Scrolls
 f - 3 scrolls of teleportation
 i - 2 scrolls of fear
 m - a scroll of silence {unknown}
 r - 3 scrolls of magic mapping
 t - a scroll of enchant armour {unknown}
 x - 2 scrolls of amnesia {unknown}
 A - a scroll of remove curse {unknown}
 D - a scroll of enchant weapon
Potions
 j - a potion of resistance
 p - a potion of agility
 s - a potion of cancellation
 v - a potion of curing
 w - a potion of lignification
Comestibles
 d - 15 rations
 C - 2 chunks of flesh


   Skills:
 - Level 1.0 Fighting
 - Level 1.5 Dodging
 * Level 7.2 Unarmed Combat
 - Level 5.0 Spellcasting
 * Level 8.7 Transmutations


You had 7 spell levels left.
You knew the following spells:

 Your Spells              Type           Power        Failure   Level  Hunger
a - Beastly Appendage     Tmut           ####..       11%         1    None
b - Sticks to Snakes      Tmut           ####....     12%         2    #......
c - Spider Form           Tmut/Pois      ###.......   38%         3    ###....
d - Blade Hands           Tmut           ####......   47%         5    ######.

Your spell library contained the following spells:

 Spells                   Type           Power        Failure   Level  Hunger
 Ignite Poison            Fire/Tmut/Pois ##......     52%         3    ###....
 Ice Form                 Ice/Tmut       ###.....     67%         4    ####...
 Fireball                 Conj/Fire      #.........   100%        5    ######.
 Bolt of Fire             Conj/Fire      #.........   100%        6    #######
 Ring of Flames           Chrm/Fire      #.........   100%        7    #######
 Ignition                 Fire           #.........   100%        8    #######


Dungeon Overview and Level Annotations

Branches:
Dungeon (7/15)             Temple (1/1) D:5

Altars:
Ashenzari
Dithmenos
Elyvilon
Fedhas
Gozag
Hepliaklqana
Kikubaaqudgha
Makhleb
Nemelex Xobeh
Okawaru
Qazlal
Sif Muna
Trog
Uskayaw
Vehumet
Wu Jian
Xom
Yredelemnul
Zin
The Shining One
Jiyva

Shops:
D:4 [

Annotations:
D:4 1 runed translucent door, bosm's ghost, amateur MfGl
D:7 Harold


Innate Abilities, Weirdness & Mutations

You cannot wear boots.
Your serpentine skin is tough. (AC +3)
You have supernaturally acute eyesight. (SInv)
Armour fits poorly on your strangely shaped body.
Your system is resistant to poisons. (rPois)
You cover ground very slowly.
You have a slow metabolism.
You can spit poison.


Message History

Your ball python dies!
Harold shouts!
You barely miss Harold.
Harold is severely wounded.
Your adder bites Harold but does no damage.
You hit Harold.
Harold is almost dead.
Your adder closely misses Harold.
Harold hits you with a +2 flail of protection!
* * * LOW HITPOINT WARNING * * *
Your adder bites Harold.
You hit Harold but do no damage.
Harold is almost dead.
Harold closely misses you.
Your adder bites Harold.
You strike the helpless Harold from behind!
You hit Harold.
Harold is almost dead.
Your adder bites Harold but does no damage.
Harold hits you with a +2 flail of protection!!
You die...

...........# ...........#
#.........#######
.........####...##
...#.#..####.....##
##...##...รท.......# #####
##...##.###.......# #.....
.........##......S##......
......######....@##.......
<.#....#####.....@(.......
#.#....#........S.#.......
#.................######..
....#...#.#.......#
......#.#.##.....##
....>##.#.......####
.....##.####.#####.#
.....##............#


You could see Harold and 2 friendly adders.

Vanquished Creatures
  Grinder (D:5)
  Sigmund (D:5)
  2 ice beasts
  A sky beast (D:7)
  4 ogres
  2 centaurs
  2 bullfrogs
  A wyvern zombie (D:6)
  5 crimson imps
  3 hounds
  2 orc priests (D:4)
  A centaur skeleton (D:6)
  An orc wizard (D:3)
  4 worker ants
  2 hound skeletons
  2 howler monkey zombies (D:5)
  4 adders
  2 oozes (D:1)
  2 adder zombies
  A worm (D:4)
  A dart slug (D:1)
  5 leopard geckos
  18 orcs
  8 bats
  8 giant cockroaches
  11 goblins
  10 hobgoblins
  2 jackals (D:1)
  7 kobolds
  3 ball pythons
  6 frilled lizards
  A giant cockroach zombie (D:6)
  A jackal skeleton (D:4)
  A quokka skeleton (D:4)
  7 rats
132 creatures vanquished.

Vanquished Creatures (collateral kills)
  An ogre (D:4)
  2 worker ants
  A giant cockroach (D:4)
  A hobgoblin (D:3)
5 creatures vanquished.

Grand Total: 137 creatures vanquished

Notes
Turn   | Place    | Note
-------+----------+-------------------------------------------
     0 | D:1      | mortelune the Naga Transmuter began the quest for the Orb.
     0 | D:1      | Reached XP level 1. HP: 18/18 MP: 3/3
   285 | D:1      | Reached XP level 2. HP: 21/25 MP: 1/5
   430 | D:1      | Reached skill level 3 in Transmutations
   827 | D:1      | Reached XP level 3. HP: 28/31 MP: 4/6
   919 | D:1      | Learned a level 2 spell: Sticks to Snakes
  1866 | D:1      | Learned a level 3 spell: Spider Form
  1896 | D:2      | Reached skill level 4 in Transmutations
  1981 | D:2      | Reached XP level 4. HP: 37/38 MP: 7/7
  2967 | D:2      | Found a radiant altar of Vehumet.
  3225 | D:3      | Found a bloodstained altar of Trog.
  3231 | D:3      | Found an ancient bone altar of Kikubaaqudgha.
  3233 | D:3      | Found an ornate altar of the Wu Jian Council.
  3233 | D:3      | Found a shimmering blue altar of Sif Muna.
  3233 | D:3      | Found a basalt altar of Yredelemnul.
  3233 | D:3      | Found a glowing golden altar of the Shining One.
  3237 | D:3      | Found a white marble altar of Elyvilon.
  3238 | D:3      | Found an iron altar of Okawaru.
  3239 | D:3      | Found a stormy altar of Qazlal.
  3240 | D:3      | Found a hazy altar of Hepliaklqana.
  3270 | D:3      | Became a worshipper of Warmaster Okawaru
  3694 | D:3      | Found a faded altar of an unknown god.
  3920 | D:3      | Reached XP level 5. HP: 40/44 MP: 8/8
  4413 | D:3      | Reached skill level 5 in Transmutations
  5173 | D:4      | Noticed an ogre
  5548 | D:4      | Noticed an ogre
  5562 | D:4      | Killed an ogre
  5562 | D:4      | Reached XP level 6. HP: 12/51 MP: 0/10
  5796 | D:3      | Learned a level 5 spell: Blade Hands
  5805 | D:4      | Reached skill level 6 in Transmutations
  6084 | D:4      | Found Miriofud's Antique Armour Shoppe.
  6105 | D:4      | Bought a dyed leather armour for 165 gold pieces
  6173 | D:4      | Reached * piety under Okawaru
  6638 | D:4      | Reached XP level 7. HP: 13/57 MP: 9/12
  6933 | D:4      | Found a runed translucent door.
  6934 | D:4      | Noticed bosm's ghost (amateur MfGl)
  7031 | D:5      | Entered Level 5 of the Dungeon
  7055 | D:5      | Noticed Grinder
  7065 | D:5      | Killed Grinder
  7274 | D:5      | Noticed Sigmund
  7294 | D:5      | Killed Sigmund
  7294 | D:5      | Reached skill level 7 in Transmutations
  7717 | D:5      | Reached XP level 8. HP: 7/64 MP: 8/14
  8295 | D:5      | Reached ** piety under Okawaru
  8326 | D:5      | Found a staircase to the Ecumenical Temple.
  8571 | Temple   | Entered the Ecumenical Temple
  8875 | D:6      | Reached skill level 5 in Unarmed Combat
  9629 | D:6      | Reached skill level 8 in Transmutations
 10029 | D:6      | Reached skill level 5 in Spellcasting
 10308 | D:6      | Reached XP level 9. HP: 28/70 MP: 10/16
 10791 | D:7      | Found a stormy altar of Qazlal.
 10866 | D:7      | Reached *** piety under Okawaru
 11230 | D:7      | Noticed Harold
 11248 | D:7      | Mangled by Harold

Levels and vault maps discovered:
D:1:      kilobyte_arrival_exit_the_forest, layout_rooms, st_stairs_14,
          minmay_misc_feat_ornament
D:2:      layout_loops_corners, marbit_many_paths, first_ration
D:3:      cheibrodos_helix_gallery, layout_basic, minitemple,
          chequers_ecumenical_altar_simple_redux
D:4:      layout_cave_pools, ebering_ghost_inner_flame, serial_shops,
          shop_coins, serial_bayou_pond_e
D:5:      layout_loops_corners, minmay_temple_entry_glass, grunt_ministairs_2,
          uniq_grinder, uniq_sigmund
D:6:      layout_loops_ring
D:7:      layout_rooms, basic_altar, trog_book, uniq_harold
Temple:   pf_slime_end_temple

Skill      XL: |  1  2  3  4  5  6  7  8  9 |
---------------+----------------------------+-----
Transmutations | 3 4 5 6 7 8 |  8.7
Spellcasting   | 3 4 5 |  5.0
Unarmed Combat | 4 6 7 |  7.2
Fighting       | |  1.0
Dodging        | |  1.5

Action                   |  1- 3 |  4- 6 |  7- 9 || total
-------------------------+-------+-------+-------++-------
Melee: Unarmed           |    23 |    23 |   133 ||   179
       Dagger            |   176 |   227 |       ||   403
       Headbutt          |    12 |    22 |     5 ||    39
       Punch             |     2 |     1 |       ||     3
       Rapier            |       |    32 |       ||    32
Throw: Dart              |       |     3 |       ||     3
 Cast: Beastly Appendage |    13 |    20 |     4 ||    37
       Spider Form       |       |     7 |     1 ||     8
       Sticks to Snakes  |       |    12 |     2 ||    14
       Blade Hands       |       |     1 |    30 ||    31
Invok: Heroism           |       |       |     3 ||     3
 Abil: Spit Poison       |    11 |     7 |     2 ||    20
  Use: Scroll            |       |     5 |     4 ||     9
       Potion            |       |     3 |     2 ||     5
 Stab: Distracted        |       |       |     1 ||     1
  Eat: Chunk             |     3 |    20 |    22 ||    45
       Ration            |       |       |     1 ||     1
Armor: Robe              |   113 |    87 |    17 ||   217
       Skin              |       |    37 |       ||    37
Dodge: Dodged            |   141 |   176 |    62 ||   379
